 Dungeon Crawl Stone Soup version 0.27-a0-46-g34d46f0a3f (webtiles) character file.

Game seed: 278108999009359125

812 Borgoz the Ruffian (level 7, -3/60 HPs)
             Began as a Ghoul Gladiator on Jan 6, 2021.
             Was a Believer of Okawaru.
             Slain by Prince Ribbit (8 damage)
             ... on level 5 of the Dungeon.
             The game lasted 00:04:36 (3924 turns).

Borgoz the Ruffian (Ghoul Gladiator)                Turns: 3924, Time: 00:04:37

Health: -3/60      AC:  7    Str: 19    XL:     7   Next: 93%
Magic:  7/7        EV: 12    Int:  3    God:    Okawaru [**....]
Gold:   96         SH:  0    Dex: 11    Spells: 6/6 levels left

rFire    . . .     SeeInvis .     - Unarmed
rCold    + . .     Faith    .   (no shield)
rNeg     + + +     Spirit   .   e - +0 scale mail
rPois    ∞         Reflect  .   b - +0 helmet
rElec    .         Harm     .   (no cloak)
rCorr    .         Rampage  .   (no gloves)
Will     .....                  (no boots)
Stlth    +.........             (no amulet)
HPRegen  0.00/turn              h - ring of stealth
MPRegen  0.10/turn              (no ring)

@: no status effects
A: claws 1, cold resistance 1, negative energy resistance 3, inhibited
regeneration, torment resistance, unbreathing
a: Renounce Religion, Heroism


You were on level 5 of the Dungeon.
You worshipped Okawaru.
Okawaru was pleased with you.
You visited 1 branch of the dungeon, and saw 5 of its levels.

You collected 96 gold pieces.

Inventory:

Missiles
 c - 3 throwing nets (quivered)
Armour
 b - a +0 helmet (worn)
 e - a +0 scale mail (worn)
Jewellery
 h - a ring of stealth (left claw)
Scrolls
 a - a scroll of random uselessness {unknown}
 d - a scroll of remove curse
 g - 2 scrolls of enchant weapon
Potions
 f - 2 potions of flight


   Skills:
 + Level 4.4 Fighting
 - Level 1.7 Throwing
 * Level 5.3 Dodging
 * Level 6.6 Unarmed Combat
 + Level 2.5 Invocations


You had 6 spell levels left.
You didn't know any spells.
Your spell library was empty.

Dungeon Overview and Level Annotations

Branches:
Dungeon (5/15)
 Temple: D:4-7

Altars:
Okawaru
Xom

Annotations:
D:5 3 runed translucent doors, Prince Ribbit


Innate Abilities, Weirdness & Mutations

You thrive by killing the living.
You are immune to poison.
You have sharp fingernails.
Your flesh is cold resistant. (rC+)
You are immune to negative energy. (rN+++)
You do not regenerate when monsters are visible.
You are immune to unholy pain and torment.
You can survive without breathing.


Message History

Prince Ribbit blinks!
You claw Sigmund!
You kill Sigmund!
Okawaru is honoured by your kill.
Prince Ribbit blinks!
Prince Ribbit hits you!
You are too injured to fight recklessly!
Your scale mail prevents you from hitting Prince Ribbit.
Prince Ribbit closely misses you.
You barely miss Prince Ribbit. Prince Ribbit hits you!
You miss Prince Ribbit. Your claw misses Prince Ribbit.
Prince Ribbit blinks!
Prince Ribbit blinks!
Things that are here:
a +0 scythe; a +0 robe You barely miss Prince Ribbit.
Prince Ribbit hits you!
* * * LOW HITPOINT WARNING * * *
You claw Prince Ribbit!
Prince Ribbit is moderately wounded.
Prince Ribbit hits you!
You die...

#.# # #.# . . ... .. #
#.# .. #.# .# #.# ..#
############.#####...#
.......[.......F@....#
############.#####...#
..... #.# ..# #####
#.# .# .. ### # ..#
..# ..# ###


You could see Prince Ribbit.

Vanquished Creatures
  Sigmund (D:5)
  A phantom (D:4)
  2 scorpions (D:4)
  6 orc wizards
  Ijyb (D:5)
  2 worker ants
  6 gnolls
  8 adders
  A shadow imp (D:5)
  2 oozes
  A worm (D:3)
  3 dart slugs
  2 leopard geckos (D:2)
  10 orcs
  4 giant cockroaches
  5 goblins
  7 hobgoblins
  6 kobolds
  3 quokkas
  A ball python (D:2)
  4 bats
  A frilled lizard (D:1)
  11 rats
88 creatures vanquished.

Notes
Turn   | Place    | Note
-------+----------+-------------------------------------------
     0 | D:1      | Borgoz the Ghoul Gladiator began the quest for the Orb.
     0 | D:1      | Reached XP level 1. HP: 17/17 MP: 0/0
   119 | D:1      | Reached XP level 2. HP: 25/25 MP: 1/1
  1114 | D:2      | Reached XP level 3. HP: 30/30 MP: 2/2
  1186 | D:2      | Reached skill level 4 in Unarmed Combat
  1318 | D:2      | Reached XP level 4. HP: 19/37 MP: 3/3
  1492 | D:2      | Reached XP level 5. HP: 45/45 MP: 4/4
  1964 | D:3      | Reached skill level 5 in Unarmed Combat
  2003 | D:3      | Found an iron altar of Okawaru.
  2019 | D:3      | Became a worshipper of Warmaster Okawaru
  2362 | D:3      | Reached XP level 6. HP: 35/51 MP: 5/5
  2828 | D:4      | Reached skill level 1 in Invocations
  2952 | D:4      | Noticed a phantom
  2956 | D:4      | Reached * piety under Okawaru
  2984 | D:4      | Killed a phantom
  2985 | D:4      | Reached XP level 7. HP: 15/59 MP: 5/7
  3284 | D:5      | Entered Level 5 of the Dungeon
  3301 | D:5      | Noticed Ijyb
  3315 | D:5      | Reached skill level 6 in Unarmed Combat
  3326 | D:5      | Paralysed by Ijyb for 6 turns
  3636 | D:5      | Paralysed by Ijyb for 5 turns
  3649 | D:5      | Reached skill level 5 in Dodging
  3656 | D:5      | Killed Ijyb
  3812 | D:5      | Found a runed translucent gate.
  3812 | D:5      | Found a runed translucent gate.
  3812 | D:5      | Found a runed translucent gate.
  3816 | D:5      | Found a shimmering altar of Xom.
  3895 | D:5      | Noticed Sigmund
  3897 | D:5      | Noticed Prince Ribbit
  3916 | D:5      | Killed Sigmund
  3916 | D:5      | Reached ** piety under Okawaru
  3924 | D:5      | Slain by Prince Ribbit

Illustrated notes

Levels and vault maps discovered:
D:1:      heliophobic_arrival_battle_scene, layout_basic
D:2:      minmay_spotlight, layout_rooms
D:3:      layout_basic, overflow_temple_1_default
D:4:      layout_gridville, lightli_temple_of_fire
D:5:      layout_basic, overflow_temple_1_default,
          nicolae_overflow_crystal_walls, gammafunk_ghost_icy, basic_altar,
          uniq_ijyb, uniq_crazy_yiuf_cottage, uniq_prince_ribbit1, uniq_sigmund

Skill      XL: |  1  2  3  4  5  6  7 |
---------------+----------------------+-----
Dodging        | 3 4 5 |  5.3
Unarmed Combat | 4 5 6 |  6.6
Fighting       | 3 4 |  4.4
Invocations    | 1 2 |  2.5
Throwing       | |  1.7

Action                   |  1- 3 |  4- 6 |  7- 9 || total
-------------------------+-------+-------+-------++-------
Melee: Unarmed           |    94 |   204 |   101 ||   399
       Punch             |     2 |     2 |     7 ||    11
Throw: Throwing net      |       |       |     1 ||     1
  Use: Potion            |       |     6 |     2 ||     8
       Scroll            |       |     7 |     1 ||     8
Armor: Leather armour    |    19 |     3 |       ||    22
       Scale mail        |       |    55 |    45 ||   100
Dodge: Dodged            |    45 |   101 |    49 ||   195

Table legend: (Time is in decaauts)
 A = Elapsed time spent in this place.
 B = Non-inter-level travel time spent in this place.
 C = Inter-level travel time spent in this place.
 D = Time resting spent in this place.
 E = Time spent auto-exploring this place.
 F = Levels seen in this place.
 G = Mean time per level.
                   A        B        C        D        E       F      G
               +--------+--------+--------+--------+--------+-----+--------+
         Total |   3889 |   3785 |    104 |    562 |   2511 |   5 |  777.8 |
       Dungeon |   3889 |   3785 |    104 |    562 |   2511 |   5 |  777.8 |
               +--------+--------+--------+--------+--------+-----+--------+

Top non-repeatable levels by time:
     D:1: 1097 daAuts
     D:4: 934 daAuts
     D:3: 767 daAuts
     D:2: 734 daAuts
     D:5: 355 daAuts
